 Dungeon Crawl Stone Soup version bcrawl-1.33-1-ga1336d5a09 (webtiles) character file.

Game seed: 14016211280882172140

113612 UnknownFlame the Magician (level 3, 7/29 HPs)
             Began as an Oni Skald on June 23, 2021.
             Got out of the dungeon alive.
             The game lasted 00:02:13 (722 turns).

UnknownFlame the Magician (Oni Skald)                Turns: 722, Time: 00:02:13

Health: 7/29       AC:  3    Str: 15    XL:     3   Next: 0%
Magic:  9/9        EV: 11    Int: 14    God:
Gold:   76         SH:  0    Dex: 10    Spells: 6/7 levels left

rFire    . . .     SeeInvis .   a - +0 flail
rCold    . . .     Gourm    .   (no shield)
rNeg     . . .     Faith    .   b - +0 leather armour
rPois    .         Spirit   .   (helmet restricted)
rElec    .         Reflect  .   (no cloak)
rCorr    .         Harm     .   (no gloves)
MR       .....                  (no boots)
Stlth    +.........             (no amulet)
HPRegen  0.09/turn              (no ring)
MPRegen  0.11/turn              (no ring)

@: no status effects
A: oni magic, claws 1, fangs 1, horns 1
a: no special abilities


You escaped.
You were not hungry.

You visited 1 branch of the dungeon, and saw 2 of its levels.

You collected 76 gold pieces.

Inventory:

Hand Weapons
 a - a +0 flail (weapon)
Armour
 b - a +0 leather armour (worn)
Scrolls
 d - 5 scrolls of fear
 f - a scroll of magic mapping {unknown}
 g - a scroll of noise {unknown}
 i - a scroll of identify
Comestibles
 c - a chunk of flesh
 e - 3 rations {!d}


   Skills:
 + Level 2.0 Fighting
 + Level 2.7 Maces & Flails
 + Level 1.0 Armour
 + Level 1.9 Dodging
 + Level 2.8 Spellcasting
   Level 2.8 Conjurations
   Level 2.8 Hexes
   Level 2.8 Charms
   Level 2.8 Summonings
   Level 2.8 Necromancy
   Level 2.8 Translocations
   Level 2.8 Transmutations
   Level 2.8 Fire Magic
   Level 2.8 Ice Magic
   Level 2.8 Air Magic
   Level 2.8 Earth Magic
   Level 2.8 Poison Magic


You had 6 spell levels left.
You knew the following spells:

 Your Spells              Type           Power        Failure   Level  Hunger
a - Infusion              Chrm           ##......     7%          1    None

Your spell library contained the following spells:

 Spells                   Type           Power        Failure   Level  Hunger
 Flame Tongue             Conj/Fire      ##...        9%          1    None
 Song of Slaying          Chrm           ##......     11%         2    ##.....
 Swiftness                Chrm/Air       ##......     13%         2    ##.....
 Ozocubu's Armour         Chrm/Ice       ##......     26%         3    ####...
 Regeneration             Chrm/Necr      ##........   26%         3    ####...
 Spectral Weapon          Hex/Chrm       ##......     26%         3    ####...


Dungeon Overview and Level Annotations

Branches:
Dungeon (2/12)

Altars:


Innate Abilities, Weirdness & Mutations

You learn spells by gaining experience, not through books or religion.
You only train spellcasting to practice magic.
You have sharp fingernails.
You have very sharp teeth.
You have a pair of small horns on your head.


Message History

The worm is almost dead.
You hit the worm.
You kill the worm!
You have reached level 3!
Your experience leads to an increase in your attributes!
Increase (S)trength, (I)ntelligence, or (D)exterity?
You feel stronger.
Save game and exit?
Welcome back, UnknownFlame the Oni Skald.
Press m to set your skill training.
Press ? for a list of commands and other information.
Welcome back, UnknownFlame the Oni Skald.
Press m to set your skill training.
Press ? for a list of commands and other information.
There is a stone staircase leading up here.
You climb upwards.
There is a stone staircase leading down here.
Eating one of 2 chunks of flesh.
You eat one of the 2 chunks of flesh.
This raw flesh tastes terrible.
There is a staircase leading out of the dungeon here.
Are you sure you want to leave the Dungeon?
This will make you lose the game!
You have escaped!

#.(.....# #P...P#.........#
#.......# ##...##.......###
#.......### #P...P#........##
#.........####...##.######..#
#.......#...#P.P.P#.........#
#.......######.P.##.........###
#.......# #P...P#...........#
######### ##...##........##.#
#########.@.#.....######.##
#.......#######...........#
###.##### #...######....
#.##########.### #....
#.....#......# #....
##......###### #.... #....###
#.... #....# ##### #....#


There were no monsters in sight!

Vanquished Creatures
  An ooze (D:1)
  2 worms
  2 goblins (D:1)
  A hobgoblin (D:1)
  2 jackals (D:1)
  A quokka (D:1)
  A bat (D:1)
  A frilled lizard (D:1)
  3 rats (D:1)
14 creatures vanquished.

Notes
Turn   | Place    | Note
-------+----------+-------------------------------------------
     0 | D:1      | UnknownFlame the Oni Skald began the quest for the Orb.
     0 | D:1      | Reached XP level 1. HP: 17/17 MP: 5/5
   140 | D:1      | Reached XP level 2. HP: 16/24 MP: 3/7
   198 | D:1      | Reached skill level 1 in Armour
   511 | D:1      | Upgraded the game from bcrawl-1.32 to
                  | bcrawl-1.33-1-ga1336d5a09
   691 | D:2      | Reached XP level 3. HP: 4/29 MP: 9/9
   722 | D:$      | Got out of the dungeon alive.

Skill      XL: |  1  2 |
---------------+-------+-----
Armour         | 1 |  1.0
Fighting       | |  2.0
Maces & Flails | |  2.7
Dodging        | |  1.9
Spellcasting   | |  2.8
Conjurations   | |  2.8
Hexes          | |  2.8
Charms         | |  2.8
Summonings     | |  2.8
Necromancy     | |  2.8
Translocations | |  2.8
Transmutations | |  2.8
Fire Magic     | |  2.8
Ice Magic      | |  2.8
Air Magic      | |  2.8
Earth Magic    | |  2.8
Poison Magic   | |  2.8

Action                   || total
-------------------------++-------
Melee: Flail             ||    40
       Headbutt          ||     7
       Bite              ||     2
 Cast: Infusion          ||     1
  Eat: Chunk             ||     1
Armor: Leather armour    ||     8
Dodge: Dodged            ||    21
